 Dungeon Crawl Stone Soup version 0.28.0 (webtiles) character file.

Game seed: 13788142677771637024

25 trckry the Caller (level 3, 0/25 HPs)
             Began as a Barachi Summoner on Feb 13, 2022.
             Succumbed to an adder's poison
             ... on level 1 of the Dungeon.
             The game lasted 00:04:28 (1439 turns).

trckry the Caller (Barachi Summoner)                Turns: 1439, Time: 00:04:28

Health: 0/25       AC:  2    Str:  9    XL:     3   Next: 6%
Magic:  12/15      EV: 12    Int: 17    God:
Gold:   41         SH:  0    Dex: 12    Spells: 3/6 levels left

rFire   . . .      SeeInvis .   (no weapon)
rCold   . . .      Faith    .   (no shield)
rNeg    . . .      Spirit   .   a - +0 robe
rPois   .          Reflect  .   (no helmet)
rElec   .          Harm     .   b - scarf {+Inv}
rCorr   .          Rampage  .   (no gloves)
Will    .....                   (no boots)
Stlth   ++........              (no amulet)
HPRegen 0.08/turn               d - ring of magical power
MPRegen 0.14/turn               (no ring)

@: lethally poisoned (0 -> -6), unable to hop, slow
A: amphibious, slowness 1, strong legs 1, +LOS
a: Hop, Evoke Invisibility


You were on level 1 of the Dungeon.
You visited 1 branch of the dungeon, and saw 2 of its levels.

You collected 41 gold pieces.

Inventory:

Armour
 a - a +0 robe (worn)
 b - a scarf of invisibility (worn)
Jewellery
 d - a ring of magical power (left hand)
Scrolls
 c - a scroll of vulnerability {unknown}
 e - a scroll of immolation {unknown}
 f - 2 scrolls of amnesia {unknown}
 g - a scroll of acquirement {unknown}
 j - a scroll of teleportation {unknown}
 k - a scroll of fog {unknown}
Potions
 h - 2 potions of might {unknown}
 i - 2 potions of flight {unknown}
 l - a potion of curing {unknown}


   Skills:
 + Level 0.7 Fighting
 + Level 0.9 Armour
 + Level 2.4 Dodging
 - Level 2.0 Stealth
 + Level 2.4 Spellcasting
 * Level 5.2 Summonings
 + Level 0.3 Evocations


You had 3 spell levels left.
You knew the following spells:

 Your Spells              Type           Power      Damage    Failure   Level
a - Summon Small Mammal   Summ           76%        N/A       2%          1
b - Call Imp              Summ           19%        N/A       3%          2

Your spell library contained the following spells:

 Spells                   Type           Power      Damage    Failure   Level
 Call Canine Familiar     Summ           19%        N/A       6%          3
 Summon Guardian Golem    Hex/Summ       10%        N/A       19%         3
 Blink                    Tloc           4%         N/A       28%         2
 Corpse Rot               Necr/Air       4%         N/A       28%         2
 Lesser Beckoning         Tloc           2%         N/A       50%         3
 Summon Lightning Spire   Summ/Air       10%        N/A       54%         4
 Dispel Undead            Necr           2%         3d7       88%         4
 Manifold Assault         Tloc           2%         N/A       99%         5
 Death Channel            Necr           1%         N/A       100%        6


Dungeon Overview and Level Annotations

Branches:
Dungeon (2/15)

Altars:

Annotations:
D:2 Robin


Innate Abilities, Weirdness & Mutations

You are amphibious.
You cover ground slowly.
You can hop short distances.
You have an extended range of vision and can be seen from far away.


Message History

Your bat dies!
Your bat's corpse disappears in a puff of smoke!
The goblin hits you with a +0 club.
Robin says, "Kneel, worm!"
Robin throws the goblin at you! The goblin hits you but does no damage.
The goblin barely misses you.
The hobgoblin barely misses your quokka.
The goblin barely misses your quokka.
The goblin no longer looks unusually strong. x2
Your quokka closely misses the goblin.
The hobgoblin barely misses your quokka.
The goblin hits your quokka with a +0 club.
Your quokka dies!
Your quokka's corpse disappears in a puff of smoke!
Robin roars a battlecry!
The goblins go into a battle-frenzy!
The adder misses you.
The hobgoblin no longer looks unusually strong.
Your shadow imp gestures at the goblin.
The goblin writhes in agony.
The goblin dies!
You have reached level 3!
Your experience leads to an increase in your attributes!
Increase (S)trength, (I)ntelligence, or (D)exterity?
You feel clever. x2
The goblin hits you with a +0 club.
* * * LOW HITPOINT WARNING * * *
The adder closely misses you.
There is a stone staircase leading up here.
Your shadow imp gestures at the goblin.
The goblin writhes in agony.
The goblin dies!
The goblin hits you with a +0 club.
* * * LOW HITPOINT WARNING * * *
The adder bites you.
* * * LOW HITPOINT WARNING * * *
You are lethally poisoned!
The adder poisons you!
You climb upwards.
You die...

#.# #.# #.#
#.#########
#.......#.#
#.......#.#
########.......#.#
......##.......#.#
......'........S@####
......##.#######g...#
########.#######.##.#
.........##.........#
##.......##.........#
.........##.........#
.#.....[.##.........#
.#.....#.##########.#
.........# #.#


You could see an adder and a goblin (strong).

Vanquished Creatures (collateral kills)
  2 bats (D:1)
  5 endoplasms
  5 goblins (D:2)
  2 hobgoblins
  A ball python (D:1)
  4 kobolds
  3 rats
22 creatures vanquished.

Vanquished Creatures (others)
  2 plants (D:1)
2 creatures vanquished.

Grand Total: 24 creatures vanquished

Notes
Turn   | Place    | Note
-------+----------+-------------------------------------------
     0 | D:1      | trckry the Barachi Summoner began the quest for the Orb.
     0 | D:1      | Reached XP level 1. HP: 13/13 MP: 3/3
   354 | D:1      | Found a faded altar of an unknown god.
   528 | D:1      | Reached XP level 2. HP: 20/20 MP: 1/5
   641 | D:1      | Reached skill level 5 in Summonings
   644 | D:1      | Learned a level 2 spell: Call Imp
  1424 | D:2      | Noticed Robin
  1437 | D:2      | Reached XP level 3. HP: 10/25 MP: 6/6
  1438 | D:2      | HP: 2/25 [adder (2)]
  1439 | D:1      | Succumbed to an adder's poison

Illustrated notes

Levels and vault maps discovered:
D:1:      nzn_arrival_crosshair, layout_basic, shapermc_ecumenical_altar_ellora
D:2:      layout_rooms, uniq_robin

Skill      XL: |  1  2 |
---------------+-------+-----
Summonings     | 5 |  5.2
Stealth        | 2 |  2.0
Fighting       | |  0.7
Armour         | |  0.9
Dodging        | |  2.4
Spellcasting   | |  2.4
Evocations     | |  0.3

Action                   || total
-------------------------++-------
 Cast: Summon Small Mamm ||    35
       Call Imp          ||     1
 Abil: Hop               ||     1
Armor: Robe              ||     7
Dodge: Dodged            ||    17
